 Dungeon Crawl Stone Soup version 0.17.0-27-g4a3f43e (webtiles) character file.

25 BiggieSmalls the Skirmisher (level 2, -1/24 HPs)
             Began as a Demonspawn Abyssal Knight on Nov 21, 2015.
             Was a Follower of Lugonu.
             Slain by a jackal (2 damage)
             ... on level 1 of the Dungeon.
             The game lasted 00:06:59 (852 turns).

BiggieSmalls the Skirmisher (DsAK)                   Turns: 852, Time: 00:06:59

Health: -1/24      AC:  6    Str: 12      XL:     2   Next: 82%
Magic:  4/4        EV: 11    Int: 11 (13) God:    Lugonu [*.....]
Gold:   45         SH:  0    Dex: 12      Spells: 0 memorised, 1 level left

rFire  . . .     SeeInvis .     a - +1 hand axe
rCold  . . .     Clarity  .     b - +1 leather armour
rNeg   . . .     SustAt   .     (no shield)
rPois  .         Gourm    .     (no helmet)
rElec  .         Spirit   .     (no cloak)
rCorr  .         Warding  .     (no gloves)
rMut   +         Stasis   .     d - +0 pair of boots
MR     .....                    h - amulet of resist mutation
Stlth  +.........               (no ring)
                                (no ring)

@: not resistant to hostile enchantments, very unstealthy
A: molten scales 1
a: Depart the Abyss, Renounce Religion


You were on level 1 of the Dungeon.
You worshipped Lugonu.
Lugonu was aware of your devotion.
You were not hungry.

You visited 1 branch of the dungeon, and saw 1 of its levels.
You visited the Abyss 1 time.

You collected 45 gold pieces.

Inventory:

Hand Weapons
 a - a +1 hand axe (weapon)
 e - a cursed -1 hand axe
Armour
 b - a +1 leather armour (worn)
 d - a +0 pair of boots (worn)
Jewellery
 h - an amulet of resist mutation (around neck)
Scrolls
 g - a scroll of remove curse
Comestibles
 c - a bread ration


   Skills:
 + Level 3.5 Fighting
 + Level 2.0 Axes
 + Level 2.0 Armour
 + Level 1.1 Dodging
 + Level 2.9 Invocations


You had one spell level left.
You didn't know any spells.

Dungeon Overview and Level Annotations

Branches:
Dungeon (1/15)

Altars:


Innate Abilities, Weirdness & Mutations

You are partially covered in molten scales (AC +1).


Message History

The hobgoblin barely misses you.
The jackal bites you but does no damage.
You closely miss the jackal. You hit the hobgoblin but do no damage.
The hobgoblin is severely wounded.
You barely miss the hobgoblin. The jackal misses you.
The hobgoblin barely misses you. The hobgoblin hits you with a club.
* * * LOW HITPOINT WARNING * * *
The jackal bites you but does no damage.
You barely miss the jackal. You closely miss the hobgoblin.
The hobgoblin is severely wounded.
You hit the hobgoblin.
The hobgoblin is lightly wounded.
The hobgoblin closely misses you. The hobgoblin barely misses you.
The jackal bites you.
* * * LOW HITPOINT WARNING * * *
The hobgoblin hits you but does no damage.
The hobgoblin hits you with a club.
* * * LOW HITPOINT WARNING * * *
The jackal bites you.
You die...

## #.# *,,,,,,,,,*,***,**,,,,,*
#.# *,,,,...,,*,* *,,*,,,,,* #.#
*#####.#***,* **,*,,,,,* #.#
#.>...# *,* *,,,,,,,* ####.####
*.....# *,# **,,,,,,* ........#
*,,...# *.# *,,,,,,* ####.##.#
****#.####.#####,,,,,,*
...#.##.#######...g.......,,,,,,*
##.#.#..........@h()......,,,,,,*
##.#.##########...g†......,,,,,,*
##.#......................,*,,***
##.############...........,,,>*
##.# #...........,**** ##.#
############** ##.# ##.# ##.#


You could see a jackal and 2 hobgoblins.

Vanquished Creatures
  A ball python (D:1)
  A bat (D:1)
  2 giant cockroaches (D:1)
  3 hobgoblins (D:1)
  3 jackals (D:1)
  4 kobolds (D:1)
  4 giant newts (D:1)
  3 goblins (D:1)
21 creatures vanquished.

Notes
Turn   | Place    | Note
--------------------------------------------------------------
     0 | Abyss:1  | BiggieSmalls the Demonspawn Abyssal Knight began the quest for the Orb.
     0 | Abyss:1  | Reached XP level 1. HP: 18/18 MP: 2/2
     0 | Abyss:1  | Found a corrupted altar of Lugonu.
   120 | Abyss:1  | Noticed a thrashing horror
   122 | D:1      | Escaped the Abyss
   318 | D:1      | Reached * piety under Lugonu
   522 | D:1      | Gained mutation: You are partially covered in molten scales (AC +1). [demonic ancestry]
   522 | D:1      | Reached XP level 2. HP: 17/24 MP: 4/4
   707 | D:1      | Reached skill level 1 in Dodging
   851 | D:1      | HP: 1/24 [hobgoblin/club (2)]
   852 | D:1      | Slain by a jackal

Action                   || total
-------------------------++-------
Melee: Hand axe          ||    50
Invok: Depart the Abyss  ||     1
  Use: Scroll            ||     5
       Potion            ||     2
